 Dungeon Crawl Stone Soup version 0.19.0-18-g426998a (webtiles) character file.

102 Eviona the Cudgeler (level 4, -1/41 HPs)
             Began as a Troll Gladiator on Nov 11, 2016.
             Slain by a gnoll
             ... wielding a +0 flail
              (12 damage)
             ... on level 2 of the Dungeon.
             The game lasted 00:04:42 (1729 turns).

Eviona the Cudgeler (Troll Gladiator)               Turns: 1729, Time: 00:04:43

Health: -1/41      AC:  6    Str: 24    XL:     4   Next: 50%
Magic:  3/3        EV: 10    Int:  4    God:
Gold:   97         SH:  0    Dex: 10    Spells: 0 memorised, 3 levels left

rFire  . . .     SeeInvis .     a - +0 flail
rCold  . . .     Gourm    +     b - +0 robe
rNeg   . . .     Faith    .     (no shield)
rPois  .         Spirit   .     c - +0 hat
rElec  .         Reflect  .     r - +0 cloak {+Inv}
rCorr  .         Harm     .     (gloves unavailable)
MR     .....                    (boots unavailable)
Stlth  +.........               (no amulet)
                                (no ring)
                                (no ring)

@: no status effects
A: unfitting armour, claws 3, fast metabolism 3, gourmand, regeneration 1,
shaggy fur 1, tough skin 2
a: Evoke Invisibility


You were on level 2 of the Dungeon.
You were very full.

You visited 1 branch of the dungeon, and saw 3 of its levels.

You collected 97 gold pieces.

Inventory:

Hand Weapons
 a - a +0 flail (weapon)
Missiles
 d - 3 throwing nets
 g - 46 stones (quivered)
 s - 6 tomahawks
 w - 6 poisoned needles
Armour
 b - a +0 robe (worn)
 c - a +0 hat (worn)
 j - a +0 cloak
 r - a +0 cloak of invisibility (worn)
Jewellery
 y - a +5 ring of evasion {unknown}
Scrolls
 h - 2 scrolls of teleportation {unknown}
 k - a scroll of enchant weapon {unknown}
 n - a scroll of blinking {unknown}
 u - 3 scrolls of enchant armour {unknown}
 v - a scroll of recharging {unknown}
 x - a scroll of remove curse {unknown}
Potions
 e - a potion of curing {unknown}
 m - a potion of agility {unknown}
 o - 4 potions of lignification {unknown}
 p - a potion of magic {unknown}
 q - a potion of haste {unknown}
 t - 2 potions of cure mutation {unknown}
Comestibles
 f - 4 bread rations
 i - a meat ration
 l - 2 chunks of flesh


   Skills:
 - Level 1.5 Fighting
 + Level 4.8 Maces & Flails
 - Level 1.7 Throwing
 - Level 2.4 Dodging


You had 3 spell levels left.
You didn't know any spells.

Dungeon Overview and Level Annotations

Branches:
Dungeon (3/15)

Altars:


Innate Abilities, Weirdness & Mutations

You are too large for most types of armour.
You have claws for hands.
Your metabolism is lightning-fast.
You like to eat raw meat.
Your natural rate of healing is unusually fast.
You are covered in fur. (AC +1)
You have very tough skin. (AC +2)


Message History

You are too injured to fight recklessly!
You are too injured to fight recklessly!
You are too injured to fight recklessly!
You are too injured to fight recklessly!
You are too injured to fight recklessly!
You are too injured to fight recklessly!
You are too injured to fight recklessly!
You are too injured to fight recklessly!
You are too injured to fight recklessly!
You are too injured to fight recklessly!
You are too injured to fight recklessly!
You are too injured to fight recklessly!
You are too injured to fight recklessly!
You are too injured to fight recklessly!
You are too injured to fight recklessly!
You are too injured to fight recklessly!
You closely miss the gnoll.
The gnoll is heavily wounded.
The rat barely misses you. The gnoll hits you with a flail!
You die...

##.##.###.....###
#.....
#.##.....###..###
#.....
#........####...#
###.## #..#...#..#
###.## #..#
###.....###.#
#..####..#
#....##..##.#
##.#.....#
#######.#..###...[###
#...#...#
....)...#...####g)..#
##.....#.##
..........#..###@...#
#..#.....)#
...<......##..###r..#
#.##......#
..........###.###...#
#.##.......
..........#
#...#...###.##.....#.
).........#
###..#...##.##..>....
..........#
##...#..#.##..)....
........[##
##...#.#.##.......
........##
##..#...######...
######### #.....##
##..


You could see a gnoll and a rat.

Vanquished Creatures
  2 gnolls
  2 adders (D:2)
  3 worms
  2 dart slugs
  A leopard gecko (D:2)
  2 giant cockroaches (D:2)
  7 goblins
  8 hobgoblins
  4 jackals
  A ball python (D:1)
  4 bats
  6 frilled lizards
  5 kobolds
  3 rats
50 creatures vanquished.

Notes
Turn   | Place    | Note
-------+----------+-------------------------------------------
     0 | D:1      | Eviona the Troll Gladiator began the quest for the Orb.
     0 | D:1      | Reached XP level 1. HP: 19/19 MP: 0/0
    74 | D:1      | Reached skill level 3 in Maces & Flails
   174 | D:1      | Reached XP level 2. HP: 27/27 MP: 1/1
  1103 | D:1      | Reached XP level 3. HP: 22/33 MP: 2/2
  1178 | D:2      | Reached skill level 4 in Maces & Flails
  1550 | D:2      | Reached XP level 4. HP: 24/41 MP: 3/3
  1729 | D:2      | Slain by a gnoll

Skill      XL: |  1  2  3 |
---------------+----------+-----
Maces & Flails | 3 4 |  4.8
Fighting       | |  1.5
Throwing       | |  1.7
Dodging        | |  2.4

Action                   |  1- 3 |  4- 6 || total
-------------------------+-------+-------++-------
Melee: Flail             |   129 |    42 ||   171
  Eat: Chunk             |    20 |     1 ||    21
Armor: Robe              |    57 |    46 ||   103
Dodge: Dodged            |    84 |    65 ||   149
